 Dungeon Crawl Stone Soup version 0.21-a0-509-gecc5317 (webtiles) character file.

361 Dawnplanks the Ducker (level 6, -9/42 HPs)
             Began as an Octopode Transmuter on Nov 29, 2017.
             Mangled by dolapius's ghost (17 damage)
             ... on level 4 of the Dungeon.
             The game lasted 00:21:33 (5743 turns).

Dawnplanks the Ducker (Octopode Transmuter)         Turns: 5743, Time: 00:21:33

Health: -9/42      AC:  2    Str:  9    XL:     6   Next: 66%
Magic:  7/9        EV: 23    Int: 15    God:
Gold:   217        SH:  0    Dex: 20    Spells: 3/9 levels left

rFire    . . .     SeeInvis .     - Unarmed
rCold    . . .     Gourm    .   (shield currently unavailable)
rNeg     . . .     Faith    .   (helmet currently unavailable)
rPois    x         Spirit   .   (no amulet)
rElec    .         Reflect  .   c - ring of resist corrosion
rCorr    +         Harm     .   (no ring)
MR       .....                  (no ring)
Stlth    ++........             (no ring)
HPRegen  0.14/turn              (no ring)
MPRegen  0.11/turn              (no ring)
                                (no ring)
                                (no ring)

@: spider-form (expiring)
A: tiny, almost no armour, stealthy swim, (amphibious), 8 rings, (constrict 8)
a: End Transformation


You were on level 4 of the Dungeon.
You were hungry.
You were a venomous arachnid creature.
You visited 1 branch of the dungeon, and saw 4 of its levels.

You collected 217 gold pieces.

Inventory:

Hand Weapons
 g - a +0 dagger (melded)
Missiles
 a - 46 arrows
Jewellery
 c - a ring of resist corrosion (left front leg)
Scrolls
 d - 5 scrolls of identify {unknown}
 e - a scroll of magic mapping {unknown}
 h - 3 scrolls of fog {unknown}
 i - a scroll of remove curse {unknown}
 k - 2 scrolls of teleportation {unknown}
 l - a scroll of blinking {unknown}
Potions
 m - 4 potions of curing {unknown}
 n - a potion of brilliance {unknown}
 o - a potion of agility {unknown}
Books
 b - a book of Changes

   Spells                             Type                      Level
   a - Beastly Appendage              Transmutation                1
   b - Sticks to Snakes               Transmutation                2
   c - Spider Form                    Transmutation/Poison         3
   d - Ice Form                       Ice/Transmutation            4
   e - Blade Hands                    Transmutation                5
Comestibles
 j - 6 meat rations
 p - a royal jelly
 r - a fruit


   Skills:
 * Level 3.3 Fighting
 - Level 2.0 Short Blades
 + Level 4.6 Dodging
 + Level 3.1 Unarmed Combat
 + Level 2.4 Spellcasting
 + Level 2.8 Transmutations
 - Level 0.2 Poison Magic


You had 3 spell levels left.
You knew the following spells:

 Your Spells              Type           Power        Failure   Level  Hunger
a - Beastly Appendage     Tmut           ##....       19%         1    #......
b - Spider Form           Tmut/Pois      #.........   54%         3    ###....
c - Sticks to Snakes      Tmut           ##......     24%         2    ###....


Dungeon Overview and Level Annotations

Branches:
Dungeon (4/15)
 Temple: D:4-7

Altars:

Annotations:
D:4 dolapius's ghost, novice DDFi


Innate Abilities, Weirdness & Mutations

You cannot wear most types of armour.
You are very stealthy in the water. (Stealth+)
((You are amphibious.))
You can wear up to eight rings at the same time.
((You can use your tentacles to constrict eight enemies at once.))
((Your skin changes colour to match your surroundings (Stealth+).))
((Your rubbery body absorbs attacks. (AC +1, EV +1)))


Message History

Dolapius's ghost completely misses you.
You hit dolapius's ghost.
Dolapius's ghost is lightly damaged.
Dolapius's ghost hits you!
You hit dolapius's ghost but do no damage.
Dolapius's ghost is lightly damaged.
Dolapius's ghost barely misses you.
You hit dolapius's ghost but do no damage.
Dolapius's ghost is lightly damaged.
Your transformation is almost over.
Dolapius's ghost misses you.
You hit dolapius's ghost but do no damage.
Dolapius's ghost is lightly damaged.
Dolapius's ghost hits you!
You hit dolapius's ghost but do no damage.
Dolapius's ghost is lightly damaged.
Dolapius's ghost hits you!
* * * LOW HITPOINT WARNING * * *
Dolapius's ghost hits you!
You die...

#......
..#...#
#...... ......
....# ....#
.†..#
#########
....#
#.###)W.....#
....#
#....s......#
....#
#..###.).....#
...##
#.......# ..##
#.......# ...#
#.......#
##†##
#.......# #..#
#.# ###.######
##.## #.#
#.....#
#..####.#
#.....#


You could see dolapius's ghost.

Vanquished Creatures
  A bullfrog (D:3)
  A hound (D:4)
  A centaur skeleton (D:4)
  An orc priest (D:3)
  2 worker ants
  A hound skeleton (D:2)
  3 gnolls
  5 adders
  A worm (D:3)
  2 dart slugs
  5 leopard geckos
  6 orcs
  2 ball pythons
  5 bats
  5 giant cockroaches
  4 goblins
  2 hobgoblins
  3 jackals (D:1)
  7 kobolds
  2 quokkas (D:3)
  3 frilled lizards
  6 rats
68 creatures vanquished.

Notes
Turn   | Place    | Note
-------+----------+-------------------------------------------
     0 | D:1      | Dawnplanks the Octopode Transmuter began the quest for the Orb.
     0 | D:1      | Reached XP level 1. HP: 13/13 MP: 3/3
     9 | D:1      | Noticed a minotaur skeleton
   241 | D:1      | Reached XP level 2. HP: 18/18 MP: 3/5
   930 | D:2      | Reached XP level 3. HP: 22/24 MP: 4/6
  1204 | D:2      | Reached skill level 3 in Dodging
  1647 | D:2      | Reached skill level 1 in Short Blades
  2219 | D:3      | Reached XP level 4. HP: 5/30 MP: 5/7
  2824 | D:3      | Noticed a bullfrog
  2846 | D:3      | Reached XP level 5. HP: 36/36 MP: 6/8
  2871 | D:3      | Reached skill level 4 in Dodging
  3278 | D:3      | Learned a level 3 spell: Spider Form
  3310 | D:3      | Learned a level 2 spell: Sticks to Snakes
  3793 | D:4      | Reached XP level 6. HP: 38/42 MP: 1/9
  4374 | D:4      | Noticed dolapius's ghost (novice DDFi)
  5743 | D:4      | Mangled by dolapius's ghost

Vault maps used:
D:1:      shiori_arrival_whats_in_store_for_you, minmay_misc_feat_chi,
          minmay_misc_feat_plants
D:2:      hangedman_decor_push
D:4:      first_bread

Skill      XL: |  1  2  3  4  5 |
---------------+----------------+-----
Fighting       | 2 3 |  3.3
Dodging        | 3 4 |  4.6
Short Blades   | 1 2 |  2.0
Unarmed Combat | |  3.1
Spellcasting   | |  2.4
Transmutations | |  2.8
Poison Magic   | |  0.2

Action                   |  1- 3 |  4- 6 || total
-------------------------+-------+-------++-------
Melee: Unarmed           |     8 |    58 ||    66
       Dagger            |    74 |   102 ||   176
       Constrict         |    24 |    22 ||    46
       Kick              |    19 |    16 ||    35
       Tentacles         |     6 |    18 ||    24
       Punch             |       |     2 ||     2
 Cast: Beastly Appendage |    20 |    13 ||    33
       Sticks to Snakes  |       |     5 ||     5
       Spider Form       |       |     8 ||     8
  Use: Potion            |       |     1 ||     1
 Stab: Sleeping          |     7 |     3 ||    10
  Eat: Chunk             |     3 |     5 ||     8
       Bread ration      |       |     2 ||     2
Armor: Skin              |     2 |    13 ||    15
Dodge: Dodged            |    50 |   114 ||   164

Table legend:
 A = Spawn XP
 B = Non-spawn XP
 C = Spawn XP percentage of total XP
 D = Spawn monster count
 E = Non-spawn monster count
 F = Spawn count percentage of total count
 G = Total turns spent on level
                    A         B        C        D         E        F      G
               +---------+---------+-------+---------+---------+-------+---------
         Total |       0 |     516 |   0.0 |       0 |      68 |   0.0 |  5743
               +---------+---------+-------+---------+---------+-------+---------
           D:1 |       0 |      33 |   0.0 |       0 |      18 |   0.0 |   923
           D:2 |       0 |      46 |   0.0 |       0 |      15 |   0.0 |  1516
           D:3 |       0 |     256 |   0.0 |       0 |      24 |   0.0 |  2790
           D:4 |       0 |     181 |   0.0 |       0 |      11 |   0.0 |   514
               +---------+---------+-------+---------+---------+-------+---------
